 Dungeon Crawl Stone Soup version 0.26-a0-651-gb41185065b (webtiles) character file.

Game seed: 5723056058811195027

(classic levelgen) 989 EnegeticOcto the Chopper (level 7, 24/66 HPs)
             Began as a Deep Dwarf Fighter on Oct 17, 2020.
             Was an Initiate of Makhleb.
             Quit the game on level 5 of the Dungeon.
             The game lasted 00:01:43 (1950 turns).

EnegeticOcto the Chopper (Deep Dwarf Fighter)       Turns: 1950, Time: 00:01:44

Health: 24/66      AC:  9    Str: 21    XL:     7   Next: 98%
Magic:  5/5        EV:  6    Int: 15    God:    Makhleb [......]
Gold:   193        SH: 11    Dex: 12    Spells: 6/6 levels left

rFire    . . .     SeeInvis .   r - -2 hand axe (curse)
rCold    . . .     Faith    .   c - +1 kite shield
rNeg     . . .     Spirit   .   s - +0 chain mail
rPois    .         Reflect  .   (no helmet)
rElec    .         Harm     .   (no cloak)
rCorr    .         Rampage  .   (no gloves)
MR       +....                  (no boots)
Stlth    ..........             (no amulet)
HPRegen  0.00/turn              l - +6 ring of intelligence
MPRegen  0.09/turn              (no ring)

@: non-regenerating
A: damage resistance, heal wounds, sense surroundings 1, no regeneration
a: Heal Wounds, Renounce Religion


You were on level 5 of the Dungeon.
You worshipped Makhleb.
Makhleb was noncommittal.
You visited 2 branches of the dungeon, and saw 6 of its levels.

You collected 193 gold pieces.

Inventory:

Hand Weapons
 a - a +0 war axe
 r - a cursed -2 hand axe (weapon)
Armour
 b - a +0 scale mail
 c - a +1 kite shield (worn)
 s - a +0 chain mail (worn)
Jewellery
 e - a cursed ring of flight {unknown}
 l - a +6 ring of intelligence (left hand)
Wands
 j - a wand of iceblast (8) {@v2}
Scrolls
 k - a scroll of teleportation {@r3}
 m - a scroll of blinking
 o - a scroll of identify {@r1}
Potions
 d - a potion of might {@q3}
 f - 2 potions of mutation
 g - 2 potions of ambrosia
 h - a potion of degeneration
 i - 2 potions of flight
 n - a potion of curing {@q1}
 p - 2 potions of brilliance
 q - a potion of lignification


   Skills:
 + Level 4.4 Fighting
 * Level 6.3 Axes
 + Level 5.4 Armour
 + Level 5.3 Shields
 + Level 3.7 Invocations


You had 6 spell levels left.
You didn't know any spells.
Your spell library was empty.

Dungeon Overview and Level Annotations

Branches:
Dungeon (5/15)             Temple (1/1) D:4

Altars:
Ashenzari
Cheibriados
Dithmenos
Fedhas
Makhleb
Nemelex Xobeh
Okawaru
Qazlal
Ru
Sif Muna
Uskayaw
Xom
Zin
The Shining One

Shops:
D:5 =


Innate Abilities, Weirdness & Mutations

You are resistant to damage.
You can heal yourself by infusing magical energy.
You passively map a small area around you.
You do not regenerate.


Message History

A centaur is nearby!
The centaur shoots an arrow.
You block the arrow.
You see here an arrow.
An orc wizard and a zombie come into view.
The orc wizard shouts!
The centaur shoots an arrow.
You block the arrow.
The centaur shoots an arrow.
The arrow hits you!
Found a translucent flail.
You see here an arrow.
The centaur unwields a +0 shortbow.
You block the centaur's attack.
You hit the centaur.
The centaur is lightly wounded.
You block the centaur's attack.
You hit the centaur.
The centaur is moderately wounded.
You hit the centaur zombie. You block the centaur's attack.
You block the centaur zombie's attack.
An orc comes into view. It is wielding a +0 dagger.
The centaur barely misses you.
The orc wizard gestures wildly while chanting.
The orc wizard flickers and vanishes!
Deactivating autopickup; reactivate with Ctrl-A.
The orc shouts!
You hit the centaur.
The centaur is heavily wounded.
You hit the centaur zombie but do no damage.
You block the centaur zombie's attack.
The centaur hits you but does no damage.
An orc comes into view.
An orc comes into view. It is wielding a +0 club.
The centaur zombie hits you.
You closely miss the centaur.
The centaur is heavily wounded.
The orc shouts! x2
You hit the centaur zombie.
You hear an angry buzzing noise.
You block the centaur's attack. You block the centaur zombie's attack.
The centaur hits you but does no damage.
You hit the centaur but do no damage.
The centaur is moderately wounded.
Your chain mail prevents you from hitting the centaur zombie.
You block the centaur's attack.
The centaur zombie hits you but does no damage.
The centaur hits you but does no damage.
You closely miss the centaur.
The centaur is moderately wounded.
You hit something.
The centaur hits you but does no damage.
You hit the centaur.
The centaur is moderately wounded.
You hit something. The centaur hits you. Something hits you but does no damage.
The centaur hits you but does no damage.
You barely miss the centaur.
The centaur is moderately wounded.
You hit something but do no damage. The centaur barely misses you.
Something hits you but does no damage.
You slash the centaur!
The centaur is severely wounded.
You miss something. You block the centaur's attack.
You hear some strange, mumbled words.
A puff of flame appears from out of thin air!
The puff of flame hits you but does no damage.
The centaur hits you but does no damage.
You hit the centaur but do no damage.
The centaur is severely wounded.
You hit something. You block the centaur's attack.
Something hits you but does no damage. The centaur hits you.
There are monsters nearby!
There are monsters nearby!
There are monsters nearby!
There are monsters nearby!
There are monsters nearby!
You slash the centaur!
You kill the centaur!
Makhleb accepts your kill.
You hit something. Something hits you but does no damage.
You hit the orc.
You kill the orc!
Makhleb accepts your kill.
You hit something. Something hits you.
You hear some strange, mumbled words.
A puff of flame appears from out of thin air!
The puff of flame hits you!
You hit the orc.
The orc is heavily wounded.
You miss something. The orc barely misses you.
Something hits you but does no damage.
You hit the orc.
The orc is severely wounded.
You barely miss something. You block the orc's attack.
You hear some strange, mumbled words.
A puff of flame appears from out of thin air!
The puff of flame hits you!
You are too injured to fight recklessly!
You are too injured to fight recklessly!
You are too injured to fight recklessly!
You are too injured to fight recklessly!
You are too injured to fight recklessly!
You are too injured to fight recklessly!
Are you sure you want to abandon this character and quit the game? (Confirm with "yes".)

#.##.##.# #.# #.##.##.#
#.# #.##.##.# #.#
###.......# #.#
.†..##.#### #.# , *
###.##.# #.# *, #.##.#
#.# , #.##.######.####
###.##.......(((@# **
....##(####.####{oZ.....
, #.#.##[# #.# #o.######
* #.#.##.####.# #.)# *
#.#......##.# #..#
............# #..# * , *
.......#.#### #..# ,
#.#..#.#.# #..# , * *
#.#......# *


You could see 2 orcs and a centaur zombie.

Vanquished Creatures
  Pikel (D:4)
  2 ogres
  2 centaurs
  A water moccasin skeleton (D:5)
  2 hounds
  A hound zombie (D:5)
  2 adders
  A shadow imp (D:5)
  An ooze (D:5)
  An adder skeleton (D:4)
  A dart slug (D:2)
  3 leopard geckos
  4 orcs
  A ball python (D:2)
  2 giant cockroaches (D:4)
  8 hobgoblins
  4 jackals (D:2)
  6 kobolds
  3 quokkas
  5 bats
  5 frilled lizards
  5 goblins
  5 rats
66 creatures vanquished.

Notes
Turn   | Place    | Note
-------+----------+-------------------------------------------
     0 | D:1      | EnegeticOcto the Deep Dwarf Fighter began the quest for the
                  | Orb.
     0 | D:1      | Reached XP level 1. HP: 20/20 MP: 1/1
   209 | D:1      | Reached XP level 2. HP: 22/27 MP: 2/2
   390 | D:2      | Reached skill level 3 in Axes
   391 | D:2      | Reached XP level 3. HP: 24/33 MP: 3/3
   777 | D:4      | Found a staircase to the Ecumenical Temple.
   777 | D:4      | Noticed an ogre
   782 | D:4      | HP: 1/34 [ogre/+0 giant club (20)]
   794 | D:4      | Killed an ogre
   794 | D:4      | Reached skill level 4 in Axes
   794 | D:4      | Reached XP level 4. HP: 35/42 MP: 3/3
   794 | D:4      | Reached XP level 5. HP: 41/49 MP: 4/4
   799 | Temple   | Entered the Ecumenical Temple
   869 | Temple   | Became a worshipper of Makhleb the Destroyer
  1054 | D:4      | Noticed a centaur
  1065 | D:4      | Killed a centaur
  1065 | D:4      | Reached skill level 1 in Invocations
  1098 | D:4      | Noticed a lemure
  1098 | D:4      | Noticed a lemure
  1098 | D:4      | Noticed Pikel
  1098 | D:4      | Noticed a lemure
  1100 | D:4      | Noticed a lemure
  1145 | D:4      | Killed Pikel
  1145 | D:4      | Reached skill level 5 in Axes
  1145 | D:4      | Reached skill level 5 in Armour
  1145 | D:4      | Reached XP level 6. HP: 32/57 MP: 2/5
  1145 | D:4      | Reached XP level 7. HP: 36/64 MP: 2/6
  1458 | D:4      | Reached skill level 5 in Shields
  1709 | D:5      | Entered Level 5 of the Dungeon
  1709 | D:5      | Found Omeurhon's Jewellery Shoppe.
  1827 | D:5      | Found a sparkling altar of Nemelex Xobeh.
  1852 | D:5      | Reached skill level 6 in Axes
  1950 | D:5      | Quit the game

Illustrated notes

Levels and vault maps discovered:
D:1:      nagdon_arrival_double_spiral, layout_loops_ring
D:2:      layout_rooms, kennysheep_generic_room_15
D:3:      layout_basic, uniq_ijyb
D:4:      layout_gridville, minmay_temple_entry_tees, uniq_pikel
D:5:      layout_loops_ring, nicolae_overflow_hidden_temple, serial_shops, shop,
          nemelex_dance_club_becter, uniq_eustachio
Temple:   eino_temple_lava

Skill      XL: |  1  2  3  4  5  6  7 |
---------------+----------------------+-----
Axes           | 3 4 5 6 |  6.3
Fighting       | 3 4 |  4.4
Armour         | 4 5 |  5.4
Shields        | 4 5 |  5.3
Invocations    | 2 3 |  3.7

Action                   |  1- 3 |  4- 6 |  7- 9 || total
-------------------------+-------+-------+-------++-------
Melee: War axe           |   110 |    37 |    17 ||   164
       Unarmed           |       |    19 |       ||    19
       Hand axe          |       |       |   111 ||   111
 Abil: Heal Wounds       |     3 |     4 |     6 ||    13
  Use: Scroll            |       |       |    11 ||    11
Armor: Scale mail        |    53 |    17 |     5 ||    75
       Skin              |       |     3 |       ||     3
       Chain mail        |       |       |    39 ||    39
Dodge: Dodged            |    47 |    20 |    24 ||    91
Block: Kite shield       |    69 |    22 |    69 ||   160

Table legend: (Time is in decaauts)
 A = Elapsed time spent in this place.
 B = Non-inter-level travel time spent in this place.
 C = Inter-level travel time spent in this place.
 D = Time resting spent in this place.
 E = Time spent auto-exploring this place.
 F = Levels seen in this place.
 G = Mean time per level.
                   A        B        C        D        E       F      G
               +--------+--------+--------+--------+--------+-----+--------+
         Total |   2056 |   1834 |    222 |      0 |   1255 |   6 |  342.7 |
       Dungeon |   1977 |   1777 |    200 |      0 |   1199 |   5 |  395.4 |
        Temple |     79 |     58 |     21 |      0 |     56 |   1 |   79.0 |
               +--------+--------+--------+--------+--------+-----+--------+

Top non-repeatable levels by time:
     D:4: 872 daAuts
     D:1: 398 daAuts
     D:2: 286 daAuts
     D:5: 248 daAuts
     D:3: 172 daAuts
  Temple: 79 daAuts
